 Dungeon Crawl Stone Soup version 0.30-a0-1016-gfb0d676c02 (webtiles) character file.

Game seed: 3093499759252013468

24 gelatine the Conjurer (level 2, -3/33 HPs)
             Began as a Demonspawn Reaver on Apr 7, 2023.
             Killed by an exploding goblin (27 damage)
             ... ignited by their inner flame
             ... on level 2 of the Dungeon.
             The game lasted 00:02:15 (788 turns).

gelatine the Conjurer (Demonspawn Reaver)            Turns: 788, Time: 00:02:16

Health: -3/33      AC: 21    Str: 11 (12) XL:     2   Next: 79%
Magic:  5/5        EV:  2    Int: 13 (14) God:
Gold:   53         SH:  0    Dex:  9 (11) Spells: 4/5 levels left

rFire   . . .      SeeInvis .    a - +0 hand axe
rCold   . . .      Faith    .    (no shield)
rNeg    . . .      Spirit   .    b - melded +0 leather armour
rPois   +          Reflect  .    (helmet currently unavailable)
rElec   .          Rampage  .    (cloak currently unavailable)
rCorr   .          NoTele   +    (gloves currently unavailable)
Will    .....                    (boots currently unavailable)
Stlth   +                        (no amulet)
HPRegen 0.25/turn                (no ring)
MPRegen 0.09/turn                (no ring)

@: tree-form
A: stationary, stasis, torment immunity, boosted hp, foul stench 1
a: no special abilities


You were on level 2 of the Dungeon.
You were a tree.
You visited 1 branch of the dungeon, and saw 2 of its levels.

You collected 53 gold pieces.

Inventory:

Hand Weapons
 a - a +0 hand axe (weapon)
Armour
 b - a +0 leather armour (melded)
Scrolls
 d - a scroll of identify


   Skills:
 * Level 2.1 Fighting
 * Level 3.0 Axes
 * Level 1.0 Armour
 * Level 1.9 Dodging
 * Level 2.1 Spellcasting
 * Level 3.1 Conjurations


You had 4 spell levels left.
You knew the following spells:

 Your Spells              Type           Power      Damage    Failure   Level
a - Kiss of Death         Conj/Necr      20%        2d7       13%         1

Your spell library contained the following spells:

 Spells                   Type           Power      Damage    Failure   Level
 Momentum Strike          Conj/Tloc      10%        3d8       21%         2
 Hailstorm                Conj/Ice       5%         3d4       36%         3


Dungeon Overview and Level Annotations

Branches:
Dungeon (2/15)

Altars:

Annotations:
D:2 Robin


Innate Abilities, Weirdness & Mutations

You are a tree.
Your roots penetrate the ground, keeping you stationary.
You cannot be teleported.
You are immune to unholy pain and torment.
Your maximum health is greatly increased.
Your equipment is partially melded.
You may rarely emit foul miasma when damaged in melee.


Message History

The goblin hits you with a +1 dagger of speed.
* * * LOW HITPOINT WARNING * * *
The goblin closely misses you. The goblin barely misses you.
It was a potion of degeneration.
There was something very wrong with that liquid.
You feel weakened.
You feel dopey.
You feel clumsy. The goblin misses you. The goblin closely misses you.
It was a potion of ambrosia.
You are confused.
You feel invigorated.
The goblin hits you but does no damage. x3
It was a potion of curing.
You feel better.
You feel less invigorated.
Robin hits you from afar with a +0 spear.
The goblin hits you with a +0 club.
The goblin hits you with a +1 dagger of speed.
The goblin closely misses you.
It was a potion of lignification.
You turn into a tree.
Your +0 leather armour melds into your body.
Your roots penetrate the ground.
The goblin hits you but does no damage. x2
As you read the scroll labelled RIPAPN ARITINOHYGG, it crumbles to dust.
It is a scroll of identify.
g - a scroll of torment The goblin hits you but does no damage.
The goblin barely misses you. The goblin hits you but does no damage.
As you read the scroll of torment, it crumbles to dust.
You feel a surge of unholy energy.
Robin convulses!
The goblin convulses! x3
The goblin hits you but does no damage.
Robin roars a battlecry!
The goblin hits you but does no damage.
You hear a shout!
As you read the scroll labelled UXAUSO FELE, it crumbles to dust.
The creatures around you are filled with an inner flame!
It was a scroll of immolation.
The goblin hits you but does no damage. x2
As you read the scroll labelled VINYDDUECA, it crumbles to dust.
You assume a fearsome visage.
Robin looks frightened!
The goblin looks frightened! x5; It was a scroll of fear.
You hit the goblin.
The goblin explodes!
The fiery explosion engulfs you!!
Ouch! That really hurt!
You die...

### # # ..#.#.#
#.#.#. #g#g.
#g.g #§. #§#
#♣# #.# # #g#
#.#
...####.#...#w.
.......<.......
#######........
###.##... .# ..
.!


You could see Robin (inner flame, fleeing) and 4 goblins.

Vanquished Creatures
  A dart slug (D:1)
  2 bats (D:1)
  5 goblins
  2 hobgoblins (D:1)
  2 jackals (D:1)
  A kobold (D:1)
  2 quokkas (D:1)
  A ball python (D:1)
  3 frilled lizards (D:1)
  2 rats (D:1)
21 creatures vanquished.

Notes
Turn   | Place    | Note
-------+----------+-------------------------------------------
     0 | D:1      | gelatine the Demonspawn Reaver began the quest for the Orb.
     0 | D:1      | Reached XP level 1. HP: 16/16 MP: 3/3
   376 | D:1      | Gained mutation: You may rarely emit foul miasma when
                  | damaged in melee. [demonic ancestry]
   376 | D:1      | Reached XP level 2. HP: 13/21 MP: 5/5
   628 | D:1      | Found a faded altar of an unknown god.
   772 | D:2      | Noticed Robin
   775 | D:2      | Reached skill level 1 in Armour
   788 | D:2      | Killed by an exploding goblin... ignited by their inner
                  | flame

Illustrated notes

Levels and vault maps discovered:
D:1:      minmay_arrival_checkered_box, layout_basic,
          shapermc_ecumenical_altar_venn
D:2:      layout_loops_ring, uniq_sigmund, uniq_robin

Skill      XL: |  1  2 |
---------------+-------+-----
Axes           | 3 |  3.0
Armour         | 1 |  1.0
Fighting       | |  2.1
Dodging        | |  1.9
Spellcasting   | |  2.1
Conjurations   | |  3.1

Action                     || total
---------------------------++-------
  Melee: Hand axe          ||    69
         Punch             ||     1
   Cast: Kiss of Death     ||     1
    Use: Scroll            ||     4
         Potion            ||     4
 Armour: Leather armour    ||    23
         Skin              ||     8
  Dodge: Dodged            ||    60

Table legend: (Time is in decaauts)
 A = Elapsed time spent in this place.
 B = Non-inter-level travel time spent in this place.
 C = Inter-level travel time spent in this place.
 D = Time resting spent in this place.
 E = Time spent auto-exploring this place.
 F = Levels seen in this place.
 G = Mean time per level.
                   A        B        C        D        E       F      G
               +--------+--------+--------+--------+--------+-----+--------+
         Total |    798 |    789 |      9 |      0 |    606 |   2 |  399.0 |
       Dungeon |    798 |    789 |      9 |      0 |    606 |   2 |  399.0 |
               +--------+--------+--------+--------+--------+-----+--------+

Top non-repeatable levels by time:
     D:1: 779 daAuts
     D:2: 19 daAuts
